[Event "Rated Blitz game"]
[Site "?"]
[Date "2021.01.09"]
[Round "?"]
[White "Diring_E"]
[Black "kiborg2007"]
[Result "1-0"]
[ECO "C46"]
[WhiteElo "2546"]
[BlackElo "2477"]
[PlyCount "49"]
[EventDate "2021.??.??"]
[EventType "blitz"]
[TimeControl "180"]

1. e4 e5 2. Nf3 Nc6 3. Nc3 Nf6 4. Nxe5 Nxe5 5. d4 Ng6 6. e5 Bb4 7. exf6 Qxf6 8.
Qe2+ Ne7 9. Bd2 O-O 10. O-O-O d5 11. h4 Qxd4 12. Bg5 Qc5 13. Nb5 f6 14. Bf4 Ba5
15. a3 a6 16. Nd4 Nc6 17. Nb3 Qa7 18. Nxa5 Nxa5 19. Rxd5 Nc6 20. Bxc7 b5 21.
Bf4 Bb7 22. Qe6+ Kh8 23. Rd7 Qb6 24. Bd3 Qxf2 25. Qf5 {Normal} 1-0

[Event "Rated Blitz tournament 6HwxXWIy"]
[Site "?"]
[Date "2021.01.09"]
[Round "?"]
[White "vladlitus"]
[Black "TemirlanKo"]
[Result "1-0"]
[ECO "C46"]
[WhiteElo "2409"]
[BlackElo "2384"]
[PlyCount "87"]
[EventDate "2021.??.??"]
[EventType "blitz"]
[TimeControl "180"]

1. e4 e5 2. Nc3 Nc6 3. Nf3 Nf6 4. Nxe5 Nxe5 5. d4 Ng6 6. e5 Ng8 7. Bc4 Bb4 8.
Qf3 Bxc3+ 9. bxc3 Qe7 10. O-O h6 11. g3 Qf8 12. Qh5 N8e7 13. Ba3 b6 14. f4 Qg8
15. f5 Nf8 16. f6 g6 17. Qf3 Nc6 18. h4 Bb7 19. Bd5 O-O-O 20. g4 Ne6 21. Rad1
g5 22. h5 Nf4 23. Be4 Na5 24. Bxb7+ Nxb7 25. Be7 Re8 26. c4 Qh7 27. Rd2 Rxe7
28. fxe7 Re8 29. a4 Rxe7 30. a5 bxa5 31. Rb1 c6 32. Qb3 d6 33. exd6 Nxd6 34.
Qb8+ Kd7 35. Qxa7+ Ke6 36. Re1+ Ne4 37. Qxa5 Kf6 38. Rh2 Kg7 39. d5 cxd5 40.
cxd5 Nf6 41. Rxe7 N6xd5 42. Qa1+ Kf8 43. Re1 Qg7 44. Qa8# {Normal} 1-0

[Event "Rated Blitz game"]
[Site "?"]
[Date "2021.01.09"]
[Round "?"]
[White "kahvitauko"]
[Black "Prayer791"]
[Result "1-0"]
[ECO "C46"]
[WhiteElo "2409"]
[BlackElo "2565"]
[PlyCount "75"]
[EventDate "2021.??.??"]
[EventType "blitz"]
[TimeControl "180"]

1. e4 e5 2. Nf3 Nf6 3. Nc3 Nc6 4. Nxe5 Nxe5 5. d4 Ng6 6. e5 Ng8 7. Bc4 d5 8.
Bxd5 c6 9. Be4 f6 10. Qh5 Kf7 11. Bxg6+ hxg6 12. Qxh8 Nh6 13. Bxh6 gxh6 14.
Qxf6+ Qxf6 15. exf6 Kxf6 16. Ne4+ Kg7 17. O-O-O Bf5 18. f3 Rd8 19. g4 Be6 20.
a3 b6 21. Rhe1 Bd5 22. Re3 g5 23. Ng3 Kg6 24. Rde1 Bd6 25. Nh5 Rf8 26. Re6+
Bxe6 27. Rxe6+ Kh7 28. Rxd6 Rxf3 29. Rf6 Rh3 30. Rf2 Re3 31. Kd2 Re6 32. Rf6
Re4 33. Rd6 Kh8 34. h3 c5 35. dxc5 bxc5 36. Rd7 a5 37. Nf6 Re6 38. Rh7# {Normal
} 1-0

[Event "Rated Blitz game"]
[Site "?"]
[Date "2021.01.09"]
[Round "?"]
[White "kiborg2007"]
[Black "DrMamaliga"]
[Result "1-0"]
[ECO "C46"]
[WhiteElo "2470"]
[BlackElo "2202"]
[PlyCount "111"]
[EventDate "2021.??.??"]
[EventType "blitz"]
[TimeControl "180"]

1. e4 e5 2. Nf3 Nc6 3. Nc3 Nf6 4. Nxe5 Nxe5 5. d4 Nc6 6. d5 Be7 7. dxc6 bxc6 8.
Bd3 O-O 9. O-O d5 10. e5 Nd7 11. Re1 Re8 12. Bf4 Bb4 13. e6 fxe6 14. Qh5 Nf8
15. Be5 Bd6 16. f4 Bxe5 17. fxe5 c5 18. Rad1 Qe7 19. Re3 c4 20. Bxh7+ Nxh7 21.
Rh3 g5 22. Qg6+ Kh8 23. Rxh7+ Qxh7 24. Qxe8+ Qg8 25. Qh5+ Qh7 26. Qxg5 Bd7 27.
Rf1 Rg8 28. Qf6+ Qg7 29. Ne2 Kh7 30. Qh4+ Qh6 31. Rf7+ Rg7 32. Rxg7+ Kxg7 33.
Qe7+ Kg6 34. Qf6+ Kh7 35. Qf7+ Qg7 36. Qh5+ Kg8 37. Nf4 Qh7 38. Qg5+ Qg7 39.
Qd8+ Kh7 40. Qh4+ Kg8 41. Nh5 Qg6 42. Nf6+ Kf7 43. Nxd7 Qxc2 44. Qf6+ Ke8 45.
Qxe6+ Kd8 46. h4 Qc1+ 47. Kh2 Qf4+ 48. Kh3 Qe3+ 49. g3 Qf3 50. Nf6 Qh1+ 51. Kg4
Qd1+ 52. Kg5 Qd2+ 53. Kg6 Qd3+ 54. Kg7 Qxg3+ 55. Kf8 Qxh4 56. Qd7# {Normal} 1-0

[Event "Rated Blitz game"]
[Site "?"]
[Date "2021.01.09"]
[Round "?"]
[White "vladlitus"]
[Black "SouthAfricanWolf"]
[Result "0-1"]
[ECO "C46"]
[WhiteElo "2404"]
[BlackElo "2493"]
[PlyCount "44"]
[EventDate "2021.??.??"]
[EventType "blitz"]
[TimeControl "180"]

1. e4 e5 2. Nc3 Nf6 3. Nf3 Nc6 4. Nxe5 Nxe5 5. d4 Nc6 6. d5 Ne5 7. f4 Ng6 8. e5
Ng8 9. d6 cxd6 10. exd6 Qb6 11. Qe2+ Kd8 12. Be3 Qxb2 13. Qc4 Qxa1+ 14. Kd2
Bxd6 15. g3 Qb2 16. Bg2 Nf6 17. Rb1 Qa3 18. Qxf7 Bb4 19. Rb3 Qa5 20. a3 Bxc3+
21. Rxc3 Re8 22. f5 Rxe3 {Normal} 0-1

[Event "Rated Blitz game"]
[Site "?"]
[Date "2021.01.09"]
[Round "?"]
[White "Koningsveld"]
[Black "solovaleaganar"]
[Result "0-1"]
[ECO "C46"]
[WhiteElo "2315"]
[BlackElo "2445"]
[PlyCount "48"]
[EventDate "2021.??.??"]
[EventType "blitz"]
[TimeControl "180+2"]

1. e4 e5 2. Nf3 Nc6 3. Nc3 Nf6 4. Nxe5 Nxe5 5. d4 Ng6 6. e5 Ng8 7. Bc4 c6 8.
Qf3 d5 9. exd6 Nf6 10. Qe2+ Kd7 11. d5 Bxd6 12. Be3 Kc7 13. dxc6 bxc6 14. O-O-O
Qe7 15. Rhe1 Re8 16. Qd2 Qf8 17. Bxf7 Rd8 18. Bxg6 hxg6 19. Qe2 Bf5 20. Qc4
Rab8 21. Bxa7 Rb4 22. Qa6 Ra8 23. Qa5+ Kb7 24. a3 Rxa7 {Time forfeit} 0-1

[Event "Rated Blitz game"]
[Site "?"]
[Date "2021.01.09"]
[Round "?"]
[White "vladlitus"]
[Black "stvngrnrt"]
[Result "0-1"]
[ECO "C46"]
[WhiteElo "2411"]
[BlackElo "2444"]
[PlyCount "98"]
[EventDate "2021.??.??"]
[EventType "blitz"]
[TimeControl "180"]

1. e4 e5 2. Nc3 Nf6 3. Nf3 Nc6 4. Nxe5 Nxe5 5. d4 Ng6 6. e5 Ng8 7. Bc4 Bb4 8.
Qf3 Qe7 9. O-O Bxc3 10. bxc3 Nh6 11. g3 O-O 12. Qg2 d6 13. Bxh6 gxh6 14. f4
dxe5 15. fxe5 Be6 16. Bb3 c6 17. Rf6 a5 18. Qd2 Kg7 19. a4 Rad8 20. Qe3 c5 21.
h4 c4 22. Ba2 h5 23. Qg5 Qd7 24. Qxh5 Qd5 25. Re1 b5 26. axb5 Bc8 27. Kh2 Bb7
28. Qe2 Qxb5 29. Bxc4 Qd7 30. Ref1 Bd5 31. Bd3 Kh8 32. h5 Ne7 33. c4 Be6 34. d5
Bg4 35. e6 Bxe2 36. exd7 Bxf1 37. Rxf1 Ng8 38. Bf5 Nf6 39. c5 Nxd7 40. c6 Nb6
41. c4 Nxc4 42. c7 Rxd5 43. c8=Q Rxc8 44. Bxc8 Rd2+ 45. Kh3 Ne3 46. Rxf7 Rd1
47. Kh4 Rh1+ 48. Kg5 h6+ 49. Kxh6 Kg8 {Time forfeit} 0-1

[Event "Rated Blitz game"]
[Site "?"]
[Date "2021.01.08"]
[Round "?"]
[White "sim13a"]
[Black "MasterAssasin123"]
[Result "0-1"]
[ECO "C46"]
[WhiteElo "2218"]
[BlackElo "2592"]
[PlyCount "96"]
[EventDate "2021.??.??"]
[EventType "blitz"]
[TimeControl "180"]

1. e4 e5 2. Nf3 Nc6 3. Nc3 Nf6 4. Nxe5 Nxe5 5. d4 Ng6 6. e5 Bb4 7. exf6 Qxf6 8.
Be3 O-O 9. Qd3 d5 10. O-O-O c6 11. a3 Bf5 12. Qd2 Ba5 13. Kb1 Qd6 14. h3 b5 15.
g4 Bd7 16. Bd3 Rab8 17. f4 f5 18. Rhg1 Bc7 19. Rdf1 a5 20. Ne2 b4 21. a4 Rbe8
22. Ng3 Ne7 23. Qe2 Bc8 24. b3 Qd8 25. Qh2 Bd6 26. Qe2 Qc7 27. Qf3 Rf7 28. Nh5
Ng6 29. g5 Rfe7 30. Bd2 Qa7 31. Bc1 Ba6 32. Bxa6 Qxa6 33. Ng3 Qc8 34. Rg2 Nh4
35. Qf2 Nxg2 36. Qxg2 Re1 37. Qf2 Rxf1 38. Qxf1 g6 39. Bd2 Kg7 40. Kc1 Qd7 41.
Qd1 Bc7 42. Qf3 Bb6 43. Be3 Qd6 44. Kd2 c5 45. Qf2 c4 46. Nf1 Qe6 47. Nh2 c3+
48. Kd1 Qxe3 {Normal} 0-1

[Event "Rated Blitz game"]
[Site "?"]
[Date "2021.01.08"]
[Round "?"]
[White "vovaches"]
[Black "Rudolf2008"]
[Result "1-0"]
[ECO "C46"]
[WhiteElo "2582"]
[BlackElo "2478"]
[PlyCount "101"]
[EventDate "2021.??.??"]
[EventType "blitz"]
[TimeControl "180"]

1. e4 e5 2. Nf3 Nc6 3. Nc3 Nf6 4. Nxe5 Nxe5 5. d4 Ng6 6. e5 Ng8 7. Bc4 d6 8.
Qf3 Be6 9. Qxb7 N8e7 10. Bb5+ Bd7 11. Bxd7+ Kxd7 12. Be3 Nc6 13. exd6 Bxd6 14.
d5 Nce5 15. O-O-O Qb8 16. Qa6 Qb4 17. Rd4 Qb6 18. Qa4+ Kd8 19. f4 Nd7 20. Re1
Bc5 21. Re4 Bxe3+ 22. R4xe3 Rb8 23. Qa3 Qc5 24. Qa6 Qb6 25. Qa3 Qb4 26. Qxb4
Rxb4 27. g3 Nf6 28. a3 Rb8 29. Ne4 Re8 30. Ng5 Rf8 31. f5 Nh8 32. c4 h6 33. Nf3
g6 34. Nd4 gxf5 35. Nc6+ Kc8 36. Nxb8 Kxb8 37. Rf1 Ng6 38. Rxf5 Ng4 39. Re2 f6
40. Re6 Rf7 41. h3 N4e5 42. Rfxf6 Rxf6 43. Rxf6 Kc8 44. h4 Kd7 45. h5 Ke7 46.
Rxg6 Nxg6 47. hxg6 Kf6 48. c5 Kxg6 49. d6 cxd6 50. c6 Kf7 51. c7 {Normal} 1-0

[Event "Rated Blitz game"]
[Site "?"]
[Date "2021.01.08"]
[Round "?"]
[White "Smetanov_N"]
[Black "morischwilli"]
[Result "0-1"]
[ECO "C46"]
[WhiteElo "2367"]
[BlackElo "2504"]
[PlyCount "58"]
[EventDate "2021.??.??"]
[EventType "blitz"]
[TimeControl "180+2"]

1. e4 e5 2. Nf3 Nc6 3. Nc3 Nf6 4. Nxe5 Nxe5 5. d4 Ng6 6. e5 Ng8 7. Bc4 d5 8.
Bxd5 Bb4 9. Qf3 Qe7 10. Bxb7 Bxb7 11. Qxb7 Rd8 12. Qxa7 c5 13. Qa4+ Qd7 14. Qb3
Qxd4 15. O-O N8e7 16. e6 O-O 17. exf7+ Rxf7 18. Be3 Qg4 19. h3 Qf5 20. Rad1 Rc8
21. Nd5 Nxd5 22. Rxd5 c4 23. Rxf5 cxb3 24. Rxf7 Kxf7 25. cxb3 Rc2 26. Rc1 Rxb2
27. Rc7+ Ne7 28. Rb7 Bd6 29. a4 Rb1+ {Normal} 0-1

[Event "Rated Blitz game"]
[Site "?"]
[Date "2021.01.07"]
[Round "?"]
[White "juan-carlos"]
[Black "lord_barre"]
[Result "0-1"]
[ECO "C46"]
[WhiteElo "2346"]
[BlackElo "2421"]
[PlyCount "76"]
[EventDate "2021.??.??"]
[EventType "blitz"]
[TimeControl "180"]

1. e4 e5 2. Nf3 Nc6 3. Nc3 Nf6 4. Nxe5 Nxe5 5. d4 Ng6 6. e5 Ng8 7. Bc4 d5 8.
Bxd5 c6 9. Bb3 Be6 10. O-O N8e7 11. f4 h5 12. Ne4 Nf5 13. c3 Be7 14. Ng5 Bxb3
15. Qxb3 Bxg5 16. fxg5 Qd7 17. Bd2 Nge7 18. Rae1 Nd5 19. Kh1 g6 20. c4 Nb6 21.
d5 cxd5 22. cxd5 Qxd5 23. Qc3 Rc8 24. Qb4 Qc5 25. e6 Qxb4 26. exf7+ Kxf7 27.
Bxb4 Rhe8 28. Rd1 Rcd8 29. Rc1 Re2 30. Ba5 Rd7 31. Bc3 Nd5 32. Bh8 h4 33. Rfd1
Nfe3 34. Rg1 Nf4 35. Rcf1 Nxf1 36. Rxf1 Re4 37. g3 hxg3 38. hxg3 Kg8 {Normal}
0-1

[Event "Rated Rapid game"]
[Site "?"]
[Date "2021.01.07"]
[Round "?"]
[White "Shooo_v2"]
[Black "AlvaroHorta25"]
[Result "1-0"]
[ECO "C46"]
[WhiteElo "2444"]
[BlackElo "2344"]
[PlyCount "63"]
[EventDate "2021.??.??"]
[EventType "rapid"]
[TimeControl "600"]

1. e4 e5 2. Nf3 Nc6 3. Nc3 Nf6 4. Nxe5 Nxe5 5. d4 Nc6 6. d5 Nb8 7. e5 Ng8 8. d6
cxd6 9. exd6 Qb6 10. Nb5 Kd8 11. Be3 Qa5+ 12. c3 b6 13. Be2 Bb7 14. O-O a6 15.
Bg5+ f6 16. b4 axb5 17. Bxf6+ Nxf6 18. bxa5 Rxa5 19. a4 bxa4 20. Rxa4 Rxa4 21.
Qxa4 Nc6 22. Rd1 Ne8 23. Qb3 Bxd6 24. Qxb6+ Kc8 25. Bg4 Bc7 26. Bxd7+ Kb8 27.
Qb2 Nd8 28. Rb1 Nd6 29. Qc2 g6 30. h4 Rf8 31. h5 Ne4 32. Qxe4 {Normal} 1-0

[Event "Rated Blitz game"]
[Site "?"]
[Date "2021.01.07"]
[Round "?"]
[White "Smetanov_N"]
[Black "morischwilli"]
[Result "1-0"]
[ECO "C46"]
[WhiteElo "2375"]
[BlackElo "2540"]
[PlyCount "97"]
[EventDate "2021.??.??"]
[EventType "blitz"]
[TimeControl "180+2"]

1. e4 e5 2. Nf3 Nc6 3. Nc3 Nf6 4. Nxe5 Nxe5 5. d4 Ng6 6. e5 Ng8 7. Bc4 d6 8.
Qf3 Qd7 9. h4 Qf5 10. Qe2 dxe5 11. h5 Nf4 12. Bxf4 Qxf4 13. Nd5 Qxd4 14. Nxc7+
Kd8 15. Rd1 Qxd1+ 16. Kxd1 Kxc7 17. Qxe5+ Bd6 18. Qxg7 Ne7 19. Bxf7 Bf5 20. Re1
Rad8 21. Kc1 Kb8 22. Rxe7 Bxe7 23. Qe5+ Bd6 24. Qxf5 h6 25. c3 Rhf8 26. Qg6
Bf4+ 27. Kc2 Bg5 28. f3 Rd2+ 29. Kb3 Rfd8 30. g4 a6 31. Qe4 Rf2 32. Bd5 Rd6 33.
Qe5 Kc7 34. c4 Bf6 35. Qe3 Rxb2+ 36. Ka3 b6 37. Qe8 Rd2 38. Qf7+ Kd8 39. Qf8+
Kd7 40. Qa8 Be7 41. Qb7+ Ke8 42. Ka4 Rxa2+ 43. Kb3 Ra3+ 44. Kb2 Ra5 45. Qc8+
Rd8 46. Qc6+ Kf8 47. Qxh6+ Ke8 48. Qg6+ Kd7 49. Qc6# {Normal} 1-0

[Event "Rated Blitz game"]
[Site "?"]
[Date "2021.01.07"]
[Round "?"]
[White "vladlitus"]
[Black "Arrubarena"]
[Result "0-1"]
[ECO "C46"]
[WhiteElo "2353"]
[BlackElo "2472"]
[PlyCount "88"]
[EventDate "2021.??.??"]
[EventType "blitz"]
[TimeControl "180"]

1. e4 e5 2. Nc3 Nc6 3. Nf3 Nf6 4. Nxe5 Nxe5 5. d4 Nc6 6. d5 Bb4 7. dxc6 Nxe4 8.
Qd4 Bxc3+ 9. bxc3 O-O 10. Be3 Re8 11. Bd3 Nf6 12. cxb7 Bxb7 13. O-O d6 14. Qh4
h6 15. Rab1 Bc6 16. Bd4 Ne4 17. Qxd8 Raxd8 18. Rfd1 Rb8 19. Rb3 Nc5 20. Bxc5
dxc5 21. f3 Rb6 22. Kf2 Reb8 23. Ra3 Rb2 24. Ra5 c4 25. Bxc4 Rxc2+ 26. Kg3 Rbb2
27. Rg1 Rxc3 28. Bb3 Bd7 29. Rxa7 Be6 30. Bxe6 fxe6 31. a4 Rcc2 32. a5 c5 33.
h4 c4 34. a6 c3 35. Ra8+ Kh7 36. a7 Ra2 37. h5 e5 38. Kg4 Rcb2 39. Kf5 c2 40.
Rc1 Rb5 41. Ke4 Rb4+ 42. Kd3 Rb1 43. Kd2 Rbb2 44. g4 g6 {Time forfeit} 0-1

[Event "Rated Blitz tournament VHYgLeDv"]
[Site "?"]
[Date "2021.01.06"]
[Round "?"]
[White "Starinov"]
[Black "Siebenschlaefer"]
[Result "1-0"]
[ECO "C46"]
[WhiteElo "2403"]
[BlackElo "2311"]
[PlyCount "141"]
[EventDate "2021.??.??"]
[EventType "blitz"]
[TimeControl "180"]

1. e4 e5 2. Nf3 Nc6 3. Nc3 Nf6 4. Nxe5 Nxe5 5. d4 Nc6 6. d5 Nb8 7. e5 Ng8 8. d6
c6 9. Bc4 Qh4 10. Qe2 g6 11. O-O Bg7 12. f4 Nh6 13. Be3 O-O 14. h3 Nf5 15. Ne4
Nxe3 16. Qxe3 b6 17. Rf3 Ba6 18. Bb3 c5 19. Kh2 c4 20. g3 Qd8 21. g4 cxb3 22.
axb3 Bb7 23. g5 Bxe4 24. Qxe4 Nc6 25. h4 h6 26. Re1 Re8 27. Qd5 hxg5 28. hxg5
Re6 29. c3 Qc8 30. b4 Qb7 31. Rfe3 Rae8 32. Kg3 Na5 33. Qa2 Nc6 34. Qc4 Qc8 35.
Qd5 Qb7 36. b3 Qa8 37. b5 Ne7 38. Qxa8 Nf5+ 39. Kf3 Rxa8 40. Rd3 Rc8 41. c4 Rc5
42. Ra1 Bxe5 43. fxe5 Rcxe5 44. Rxa7 Re3+ 45. Rxe3 Rxe3+ 46. Kf4 Rxb3 47. Rxd7
Kg7 48. Rb7 Rd3 49. d7 Nd6 50. Rxb6 Nxc4 51. Rc6 Rxd7 52. Rxc4 Rb7 53. Rb4 f6
54. Ke4 fxg5 55. Kd5 Kf6 56. Kc6 Kf5 57. Kxb7 g4 58. Kc6 g3 59. Rb2 g2 60. Rxg2
Kf4 61. Rxg6 Kf5 62. Rd6 Ke5 63. Rd1 Ke4 64. b6 Ke3 65. b7 Ke2 66. Rd7 Kf3 67.
b8=Q Ke4 68. Qe8+ Kf5 69. Rf7+ Kg6 70. Qg8+ Kh6 71. Rh7# {Normal} 1-0

[Event "Rated Blitz game"]
[Site "?"]
[Date "2021.01.06"]
[Round "?"]
[White "vladlitus"]
[Black "BTR-07"]
[Result "0-1"]
[ECO "C46"]
[WhiteElo "2364"]
[BlackElo "2492"]
[PlyCount "42"]
[EventDate "2021.??.??"]
[EventType "blitz"]
[TimeControl "180"]

1. e4 e5 2. Nc3 Nc6 3. Nf3 Nf6 4. Nxe5 Nxe5 5. d4 Ng6 6. e5 Ng8 7. Bc4 c6 8.
Qe2 Be7 9. f4 d5 10. exd6 Qxd6 11. Be3 Nf6 12. O-O Nh4 13. h3 Nf5 14. Qd2 Nxe3
15. Qxe3 O-O 16. Rad1 Re8 17. g4 Bd8 18. Qf3 Bb6 19. Ne2 Be6 20. Bb3 Bd5 21.
Qg3 Rxe2 {Normal} 0-1

[Event "Rated Blitz game"]
[Site "?"]
[Date "2021.01.06"]
[Round "?"]
[White "Smetanov_N"]
[Black "Hillsofbills"]
[Result "0-1"]
[ECO "C46"]
[WhiteElo "2379"]
[BlackElo "2485"]
[PlyCount "46"]
[EventDate "2021.??.??"]
[EventType "blitz"]
[TimeControl "180+2"]

1. e4 e5 2. Nf3 Nc6 3. Nc3 Nf6 4. Nxe5 Nxe5 5. d4 Bd6 6. dxe5 Bxe5 7. Bd3 d6 8.
O-O O-O 9. Bg5 h6 10. Bh4 Qe8 11. Qe2 Qc6 12. f4 Bd4+ 13. Kh1 Bg4 14. Qe1 Bxc3
15. bxc3 Nh7 16. Qg3 Bd7 17. Rab1 a6 18. e5 Kh8 19. f5 dxe5 20. f6 g5 21. Bxh7
Kxh7 22. Bxg5 Rg8 23. Qd3+ e4 {Time forfeit} 0-1

[Event "Rated Blitz game"]
[Site "?"]
[Date "2021.01.06"]
[Round "?"]
[White "Rauchbach"]
[Black "bowery_22"]
[Result "0-1"]
[ECO "C46"]
[WhiteElo "2402"]
[BlackElo "2265"]
[PlyCount "50"]
[EventDate "2021.??.??"]
[EventType "blitz"]
[TimeControl "180"]

1. e4 e5 2. Nf3 Nc6 3. Nc3 Nf6 4. Nxe5 Nxe5 5. d4 Ng6 6. e5 Ng8 7. Bc4 d5 8.
Bxd5 N8e7 9. Bb3 c6 10. Ne4 Nf5 11. Be3 Be6 12. c4 Bb4+ 13. Ke2 Be7 14. g4 Nxe3
15. Kxe3 Bg5+ 16. Nxg5 Qxg5+ 17. Kd3 O-O-O 18. Kc3 Bxg4 19. Qe1 Nf4 20. a4 Ne2+
21. Kb4 Nxd4 22. Bd1 Bxd1 23. Qxd1 Rhe8 24. Re1 Qf4 25. Ra3 c5+ {Normal} 0-1

[Event "Rated Rapid game"]
[Site "?"]
[Date "2021.01.06"]
[Round "?"]
[White "khalid_ontawar"]
[Black "MassterofMayhem"]
[Result "1-0"]
[ECO "C46"]
[WhiteElo "2261"]
[BlackElo "2466"]
[PlyCount "51"]
[EventDate "2021.??.??"]
[EventType "rapid"]
[TimeControl "15+20"]

1. e4 e5 2. Nc3 Nf6 3. Nf3 Nc6 4. Nxe5 Nxe5 5. d4 Ng6 6. e5 Ng8 7. Bc4 d6 8.
Qf3 Qd7 9. O-O Qf5 10. Bb5+ Kd8 11. Qd1 c6 12. Bd3 Qg4 13. Be2 Qh4 14. f4 Bf5
15. Bf3 h5 16. Ne4 Bxe4 17. Bxe4 d5 18. Bd3 Qg4 19. Be2 Qd7 20. f5 N6e7 21. Bd3
Kc7 22. Bf4 Kb6 23. c3 a6 24. Bg5 Nh6 25. Qc2 Ka7 26. b4 {Time forfeit} 1-0

[Event "Rated Blitz tournament jX8BlXdD"]
[Site "?"]
[Date "2021.01.05"]
[Round "?"]
[White "Starinov"]
[Black "Belgiumcat"]
[Result "0-1"]
[ECO "C46"]
[WhiteElo "2395"]
[BlackElo "2508"]
[PlyCount "134"]
[EventDate "2021.??.??"]
[EventType "blitz"]
[TimeControl "180"]

1. e4 e5 2. Nf3 Nc6 3. Nc3 Nf6 4. Nxe5 Nxe5 5. d4 Nc6 6. d5 Ne5 7. f4 Bd6 8.
fxe5 Bxe5 9. Qf3 d6 10. Bb5+ Bd7 11. Bxd7+ Qxd7 12. h3 O-O 13. Bd2 Rfe8 14.
O-O-O Bxc3 15. Bxc3 Nxe4 16. g4 Nxc3 17. Qxc3 Re2 18. Rd2 Re5 19. b3 Rae8 20.
Kb2 b6 21. a4 a5 22. Rf1 Qe7 23. Rf3 f6 24. Qc6 Qf7 25. Rc3 R8e7 26. Qa8+ Qf8
27. Qb7 Qd8 28. Rc6 h6 29. Rd3 Rd7 30. Rdc3 Ree7 31. R6c4 Kh7 32. Qa6 Qe8 33.
Rd4 Qg6 34. Qb5 Qg5 35. Qd3+ Qg6 36. Qb5 f5 37. Qf1 Rf7 38. gxf5 Qxf5 39. Qb5
Qe5 40. Rdc4 Rde7 41. Ka2 Rf2 42. Rxc7 Rxc7 43. Rxc7 Qf5 44. Kb2 Qxh3 45. Qd7
Qxd7 46. Rxd7 h5 47. Rxd6 h4 48. Re6 h3 49. Re3 h2 50. Rh3+ Kg6 51. d6 Kf7 52.
Kc3 Ke6 53. Kd3 g5 54. Rh6+ Kd7 55. Ke3 Rxc2 56. Kf3 Rb2 57. Kg4 Rxb3 58. Rxh2
Rb4+ 59. Kxg5 Kxd6 60. Ra2 Kc5 61. Kf5 Kc4 62. Ke5 Kb3 63. Re2 Kxa4 64. Re3 Rb3
65. Rf3 b5 66. Rf4+ b4 67. Rf5 Rc3 {Time forfeit} 0-1

[Event "Rated Blitz game"]
[Site "?"]
[Date "2021.01.03"]
[Round "?"]
[White "Karimbaev_Zinaddin"]
[Black "TimChesters"]
[Result "1-0"]
[ECO "C46"]
[WhiteElo "2304"]
[BlackElo "2400"]
[PlyCount "41"]
[EventDate "2021.??.??"]
[EventType "blitz"]
[TimeControl "180+2"]

1. e4 e5 2. Nf3 Nc6 3. Nc3 Nf6 4. Nxe5 Nxe5 5. d4 Nc6 6. e5 Bb4 7. exf6 Qxf6 8.
Be3 d5 9. Be2 O-O 10. O-O Be6 11. Bf3 Ne7 12. Ne2 Bd6 13. Ng3 Ng6 14. Nh5 Qd8
15. g3 c6 16. Re1 Re8 17. Qd2 a5 18. c3 a4 19. Re2 Qc7 20. Rae1 Re7 21. Bh6 {
Time forfeit} 1-0

[Event "Rated Blitz game"]
[Site "?"]
[Date "2021.01.03"]
[Round "?"]
[White "Siarinho"]
[Black "Congoman"]
[Result "0-1"]
[ECO "C46"]
[WhiteElo "2416"]
[BlackElo "2343"]
[PlyCount "47"]
[EventDate "2021.??.??"]
[EventType "blitz"]
[TimeControl "180"]

1. e4 e5 2. Nf3 Nf6 3. Nc3 Nc6 4. Nxe5 Nxe5 5. d4 Ng6 6. e5 Ng8 7. f4 d5 8. Bd3
f5 9. O-O Be6 10. g4 Qd7 11. Qf3 fxg4 12. Qg2 N8e7 13. f5 Nxf5 14. Bxf5 Bxf5
15. Nxd5 O-O-O 16. c4 c6 17. Bg5 cxd5 18. Bxd8 Kxd8 19. cxd5 Nh4 20. Qf2 Nf3+
21. Kg2 Qxd5 22. Kg3 Be7 23. Qe3 Bh4+ 24. Kg2 {Normal} 0-1

[Event "Rated Blitz tournament 40ZT4r1y"]
[Site "?"]
[Date "2021.01.03"]
[Round "?"]
[White "vladlitus"]
[Black "czasnaszachy"]
[Result "1-0"]
[ECO "C46"]
[WhiteElo "2316"]
[BlackElo "2433"]
[PlyCount "89"]
[EventDate "2021.??.??"]
[EventType "blitz"]
[TimeControl "180"]

1. e4 e5 2. Nc3 Nf6 3. Nf3 Nc6 4. Nxe5 Nxe5 5. d4 Nc6 6. d5 Bb4 7. dxc6 bxc6 8.
Bd3 d5 9. exd5 cxd5 10. O-O O-O 11. Qf3 c6 12. Bg5 Bd6 13. h3 h6 14. Bf4 Rb8
15. b3 Be6 16. Na4 Rb4 17. Bxd6 Qxd6 18. c3 Rbb8 19. Qg3 Qxg3 20. fxg3 Nd7 21.
b4 Rfe8 22. Rfe1 Ra8 23. Kf2 Reb8 24. Rab1 a5 25. b5 c5 26. c4 dxc4 27. Be4 Ra7
28. Bc6 Nb6 29. Nxc5 Bf5 30. Rbd1 c3 31. Rc1 c2 32. g4 Bg6 33. Ne4 Rc7 34. Rxc2
a4 35. Rd2 a3 36. Rd3 Nc4 37. Rc3 Bxe4 38. Rxe4 Nd6 39. Rb4 Nxb5 40. Rxb5 Rxb5
41. Rc2 Rb6 42. Rc3 Rcxc6 43. Rxa3 Ra6 44. Rb3 Rxa2+ 45. Kg3 {Time forfeit} 1-0

[Event "Rated Blitz game"]
[Site "?"]
[Date "2021.01.02"]
[Round "?"]
[White "Ricardo_Airado"]
[Black "AllPawnsNoHope"]
[Result "0-1"]
[ECO "C46"]
[WhiteElo "2274"]
[BlackElo "2443"]
[PlyCount "47"]
[EventDate "2021.??.??"]
[EventType "blitz"]
[TimeControl "180"]

1. e4 e5 2. Nf3 Nc6 3. Nc3 Nf6 4. Nxe5 Nxe5 5. d4 Nc6 6. d5 Ne5 7. f4 Ng6 8. e5
Bb4 9. exf6 Qxf6 10. Bd3 O-O 11. O-O Bxc3 12. bxc3 Qxc3 13. Be3 f5 14. d6 cxd6
15. Qf3 Qc6 16. Qh5 b6 17. Rf3 Bb7 18. Rg3 Rae8 19. Bd4 Re4 20. Bxe4 Qxe4 21.
Bc3 Rc8 22. Re1 Qd5 23. Bxg7 Qd2 24. Rge3 {Normal} 0-1

[Event "Rated Blitz game"]
[Site "?"]
[Date "2021.01.01"]
[Round "?"]
[White "MilisegundoBoomCamaa"]
[Black "AllPawnsNoHope"]
[Result "0-1"]
[ECO "C46"]
[WhiteElo "2284"]
[BlackElo "2458"]
[PlyCount "74"]
[EventDate "2021.??.??"]
[EventType "blitz"]
[TimeControl "180"]

1. e4 e5 2. Nf3 Nc6 3. Nc3 Nf6 4. Nxe5 Nxe5 5. d4 Ng6 6. e5 Ng8 7. Bc4 f6 8.
Qf3 d5 9. Bxd5 c6 10. Bb3 Qxd4 11. Be3 Qxe5 12. O-O-O Qf5 13. Qe2 Be7 14. Kb1
Be6 15. h3 Bxb3 16. axb3 Nh6 17. g4 Qe5 18. Rhe1 Nf7 19. Qc4 Qc7 20. Bc5 Nge5
21. Qd4 Bxc5 22. Qxc5 b6 23. Qe3 O-O 24. f4 Nd7 25. Qe7 Rad8 26. h4 Rfe8 27.
Qxe8+ Rxe8 28. Rxe8+ Nf8 29. g5 Qxf4 30. gxf6 Qxf6 31. Ne4 Qxh4 32. Rf1 h5 33.
Ka2 Qg4 34. Rxf7 Kxf7 35. Nd6+ Kg8 36. Re4 Qd7 37. Ne8 Ne6 {Normal} 0-1

[Event "Rated Blitz game"]
[Site "?"]
[Date "2021.01.01"]
[Round "?"]
[White "onuur77"]
[Black "elpensionado"]
[Result "1-0"]
[ECO "C46"]
[WhiteElo "2519"]
[BlackElo "2456"]
[PlyCount "41"]
[EventDate "2021.??.??"]
[EventType "blitz"]
[TimeControl "180"]

1. e4 e5 2. Nf3 Nc6 3. Nc3 Nf6 4. Nxe5 Nxe5 5. d4 Ng6 6. e5 Ng8 7. Qf3 Bb4 8.
Bc4 Qe7 9. O-O Bxc3 10. bxc3 Nh6 11. Re1 O-O 12. Bd3 d6 13. Ba3 Re8 14. h3 Qg5
15. exd6 Rxe1+ 16. Rxe1 Bd7 17. Qxb7 Re8 18. Rxe8+ Bxe8 19. dxc7 Ne7 20. Qa8
Kf8 21. c8=Q {Normal} 1-0

[Event "Rated Blitz game"]
[Site "?"]
[Date "2021.01.01"]
[Round "?"]
[White "Parkrunner2038"]
[Black "mmc1975"]
[Result "0-1"]
[ECO "C46"]
[WhiteElo "2402"]
[BlackElo "2311"]
[PlyCount "90"]
[EventDate "2021.??.??"]
[EventType "blitz"]
[TimeControl "180+2"]

1. e4 Nf6 2. Nc3 e5 3. Nf3 Nc6 4. Nxe5 Nxe5 5. d4 Ng6 6. e5 Ng8 7. Bc4 d6 8.
Qf3 Be6 9. Qxb7 N8e7 10. Nb5 Rc8 11. d5 Nxe5 12. Bb3 Bd7 13. Nxa7 Rb8 14. Qa6
g6 15. O-O Bg7 16. a4 O-O 17. Nb5 Bxb5 18. axb5 Ra8 19. Qxa8 Qxa8 20. Rxa8 Rxa8
21. Re1 Kf8 22. Bd2 Nc8 23. Bc3 Nb6 24. f4 Ng4 25. Bxg7+ Kxg7 26. h3 Nf6 27. c4
Re8 28. Rxe8 Nxe8 29. Kf2 Nf6 30. Ke3 h5 31. g3 Kf8 32. Kd4 Ke7 33. Bc2 h4 34.
g4 Nfd7 35. b4 g5 36. fxg5 Ne5 37. c5 Nbd7 38. Be4 Kd8 39. Bf5 Nf3+ 40. Kc4
Nxg5 41. b6 cxb6 42. c6 Ne5+ 43. Kb5 Kc7 44. Ka6 Nxh3 45. g5 Nxg5 {Normal} 0-1